Map: Kimeran Refuge

Players

Taco - Winner!

  • Race: Zerg Zerg
  • League: Platinum
  • Spawn Location: 12:00

iNfEkTeD - Winner!

  • Race: Zerg Zerg
  • League: Diamond
  • Spawn Location: 12:00

SpicyZrgWngs - Winner!

  • Race: Zerg Zerg
  • Spawn Location: 11:00

DarthCheney - Winner!

  • Race: Terran Terran
  • Spawn Location: 1:00

Grumm

  • Race: Zerg Zerg
  • League: Gold
  • Spawn Location: 6:00

Deerheadlite

  • Race: Protoss Protoss
  • Spawn Location: 7:00

pana

  • Race: Protoss Protoss
  • Spawn Location: 5:00

NiteOptix

  • Race: Zerg Zerg
  • Spawn Location: 6:00

VOD

Have the link to the VOD?

Description

Time

  • Played on: Jan. 7, 2016, 7:48 p.m.
  • Length: 12:33
Show
View Real Time Build Order
Export as new Build Order

Taco Zerg - Winner!

Build Orders: Pool First 

Get SALT Encoding   

  12  0:02  Drone  
  13  0:08  Drone  
  14  0:26  Spawning Pool  
  13  0:29  Drone  
  14  0:39  Extractor  
  14  0:40  Drone  
  14  0:44  Overlord  
  14  0:47  Extractor  
  13  0:50  Drone  
  15  1:13  Zergling x6  
  15  1:14  Queen  
  20  1:26  Zergling x2  
  21  1:43  Zergling x2  
  21  1:44  Metabolic Boost  
  21  1:46  Overlord  
  21  2:11  Zergling x4  
  22  2:24  Zergling x2  
  22  2:35  Zergling x6  
  22  2:36  Zergling x2  
  26  2:41  Hatchery  
  26  2:44  Overlord  
  24  3:01  Zergling x2  
  24  3:14  Zergling x4  
  24  3:16  Zergling x4  
  27  3:24  Zergling x2, Queen  
  27  3:34  Zergling x2  
  28  3:42  Drone  
  29  3:53  Zergling x2  
  29  3:56  Zergling x6  
  29  3:58  Drone  
  33  4:06  Drone  
  33  4:07  Spore Crawler  
  33  4:11  Zergling x2  
  31  4:25  Zergling x4  
  31  4:26  Zergling x2  
  29  4:38  Zergling x6  
  30  4:39  Zergling x6  
  36  4:45  Zergling x4  
  36  4:46  Zergling x2  
  36  4:49  Spine Crawler  
  37  4:57  Spore Crawler  
  36  5:08  Drone x2  
  38  5:14  Drone x2  
  38  5:15  Extractor  
  36  5:42  Drone x4  
  40  5:45  Spore Crawler  
  39  5:51  Drone x3  
  39  5:52  Drone  
  39  5:55  Lair  
  43  6:07  Overlord x2  
  43  6:25  Drone x2  
  45  6:28  Drone  
  45  6:29  Drone x2  
  45  6:30  Drone x3  
  52  6:32  Drone  
  52  6:37  Drone  
  52  6:39  Drone  
  52  6:54  Zergling x6  
  52  6:55  Zergling x4  
  52  6:59  Extractor  
  52  7:00  Extractor  
  55  7:12  Drone x2  
  55  7:13  Drone  
  58  7:16  Drone  
  58  7:17  Drone  
  58  7:19  Overlord  
  54  7:30  Zergling x4  
  56  7:37  Evolution Chamber  
  56  7:40  Drone, Evolution Chamber, Infestation Pit  
  51  8:02  Hatchery  
  51  8:05  Drone x4  
  54  8:06  Drone  
  54  8:09  Zerg Ground Armor Level 1, Zerg Melee Weapons Level 1  
  55  8:41  Hatchery  
  53  9:06  Hive  
  53  9:10  Overlord x6  
  53  9:12  Drone x6  
  53  9:13  Drone x4  
  53  9:14  Queen  
  55  9:43  Extractor  
  55  9:44  Drone x2  
  55  9:45  Drone, Extractor  
  56  9:59  Drone  
  57  10:01  Spore Crawler  
  57  10:02  Queen  
  57  10:04  Spine Crawler  
  57  10:05  Zerg Ground Armor Level 2, Zerg Melee Weapons Level 2  
  57  10:15  Drone x3  
  57  10:18  Drone x3  
  57  10:19  Drone x2  
  57  10:20  Drone  
  66  10:25  Adrenal Glands  
  66  10:29  Ultralisk Cavern  
  66  10:33  Drone x3  
  66  10:34  Drone x3  
  71  10:52  Zergling x2  
  71  10:53  Zergling x32  
  71  10:54  Zergling x6  
  89  11:05  Overlord x3  
  89  11:09  Overlord  
  77  11:19  Ultralisk  
  77  11:20  Ultralisk x3  
  77  11:21  Ultralisk  
  104  11:32  Ultralisk  
  102  11:36  Ultralisk  
  108  11:42  Drone  
  108  11:43  Drone  
  116  12:04  Zergling x6  
  131  12:15  Zergling x10  
  132  12:16  Zergling x8  
Show
View Real Time Build Order
Export as new Build Order

iNfEkTeD Zerg - Winner!

Build Orders: Pool First, Swarm Host 

Get SALT Encoding   

  12  0:01  Drone  
  13  0:15  Drone  
  13  0:19  Overlord  
  14  0:37  Drone x2  
  14  0:38  Drone  
  17  0:48  Extractor  
  16  0:50  Spawning Pool  
  16  0:53  Drone  
  16  0:57  Extractor  
  16  1:01  Drone  
  16  1:09  Drone  
  17  1:20  Drone  
  18  1:31  Drone  
  19  1:38  Lair  
  19  1:42  Drone  
  20  1:53  Drone  
  21  2:02  Spine Crawler  
  21  2:03  Drone  
  21  2:14  Drone  
  22  2:26  Overlord  
  22  2:39  Infestation Pit, Overlord  
  22  2:43  Queen  
  23  2:51  Nydus Network  
  22  2:57  Drone x2  
  24  3:15  Swarm Host  
  27  3:25  Swarm Host  
  30  3:30  Spore Crawler, Swarm Host  
  32  3:45  Swarm Host  
  35  4:07  Nydus Canal  
  35  4:17  Spine Crawler  
  35  4:23  Drone  
  35  4:24  Drone x3  
  38  4:28  Spine Crawler  
  37  4:52  Nydus Canal  
  37  4:56  Overlord x3  
  37  5:38  Swarm Host  
  37  5:39  Swarm Host x3  
  49  5:57  Swarm Host  
  49  5:59  Overlord  
  52  6:15  Nydus Canal  
  52  6:21  Drone, Zergling x2  
  52  6:22  Drone x3  
  57  6:59  Nydus Canal  
  57  7:00  Swarm Host  
  60  7:12  Swarm Host  
  60  7:13  Overlord  
  63  7:33  Nydus Canal  
  57  8:35  Swarm Host x3  
  66  8:48  Nydus Canal  
  66  9:00  Swarm Host  
  69  9:09  Hatchery  
  62  9:20  Hatchery  
  61  9:42  Swarm Host x2  
  67  9:54  Swarm Host  
  70  10:01  Drone x3  
  70  10:02  Drone x2  
  75  10:13  Overlord  
  75  10:25  Swarm Host  
  78  10:35  Nydus Canal  
  78  10:41  Drone  
  78  10:42  Drone  
  80  10:43  Drone x3  
  80  10:44  Drone  
  80  10:48  Extractor  
  83  11:20  Drone x4  
  83  11:21  Drone x3  
  83  11:22  Swarm Host  
  83  11:23  Extractor x2  
  83  11:25  Swarm Host  
  94  11:34  Nydus Canal  
  93  11:48  Zergling x8  
  93  11:49  Zergling x2  
Show
View Real Time Build Order
Export as new Build Order

SpicyZrgWngs Zerg - Winner!

Build Orders: Hatch First 

Get SALT Encoding   

  12  0:33  Drone x2  
  14  0:56  Hatchery  
  13  0:59  Spawning Pool  
  13  1:00  Drone  
  13  1:16  Drone  
  14  1:30  Hatchery  
  13  1:36  Overlord  
  13  1:48  Drone  
  14  1:54  Overlord  
  14  1:56  Drone  
  14  1:59  Drone  
  16  2:08  Drone  
  17  2:13  Drone  
  18  2:19  Drone  
  19  2:23  Drone  
  19  2:29  Drone  
  21  2:32  Queen  
  21  2:35  Drone  
  24  2:40  Drone  
  25  2:45  Queen  
  25  2:48  Drone  
  28  2:52  Drone  
  28  2:54  Drone  
  28  2:56  Drone  
  31  2:59  Drone  
  31  3:02  Drone  
  31  3:04  Drone  
  34  3:06  Drone  
  35  3:13  Overlord  
  35  3:18  Queen  
  37  3:20  Drone  
  37  3:21  Drone  
  39  3:33  Drone x2  
  39  3:34  Drone x2  
  43  3:35  Drone  
  43  3:36  Drone  
  45  3:45  Queen x2  
  49  3:49  Drone x2, Extractor  
  49  3:50  Drone, Extractor  
  49  3:54  Spine Crawler  
  49  3:59  Spore Crawler  
  49  4:02  Drone  
  49  4:03  Drone, Spine Crawler  
  49  4:05  Spore Crawler  
  49  4:09  Spine Crawler, Overlord  
  47  4:10  Overlord  
  47  4:15  Zergling x2  
  47  4:16  Zergling x4  
  40  4:46  Spine Crawler, Zergling x2  
  40  4:47  Zergling x22  
  40  4:48  Zergling x2  
  52  5:04  Zergling x8  
  56  5:08  Spine Crawler  
  56  5:09  Spine Crawler  
  54  5:20  Spore Crawler  
  53  5:34  Drone x10  
  63  5:39  Overlord  
  63  5:50  Drone x3  
  63  5:55  Metabolic Boost  
  66  5:58  Overlord  
  66  6:02  Overlord  
  66  6:07  Drone x2  
  68  6:27  Drone x7  
  68  6:31  Extractor  
  74  6:33  Extractor x2  
  74  6:34  Drone x2, Extractor  
  74  6:35  Drone x5  
  72  6:59  Zergling x2  
  72  7:00  Zergling x20  
  64  7:11  Spine Crawler  
  64  7:12  Spine Crawler x2  
  64  7:13  Drone x2, Spore Crawler  
  64  7:14  Drone  
  40  7:41  Zergling x2  
  40  7:42  Zergling x14  
  42  7:54  Spawning Pool  
  41  8:05  Drone  
  41  8:06  Drone  
  42  8:26  Drone  
  45  8:27  Drone x7  
  49  9:00  Zergling x8  
  49  9:01  Zergling x16  
  59  9:05  Lair  
  59  9:06  Roach Warren  
  59  9:07  Drone  
  59  9:14  Drone x2, Baneling Nest  
  59  9:16  Drone  
  61  9:30  Drone  
  61  9:31  Drone x6  
  68  9:39  Queen  
  70  10:02  Drone x3  
  70  10:03  Drone x3  
  70  10:04  Glial Reconstitution  
  70  10:07  Overlord x2  
  78  10:21  Roach  
  78  10:22  Roach x6  
  78  10:26  Roach x2  
  78  10:27  Roach x2  
  98  10:42  Hatchery  
  97  10:48  Hatchery  
  96  10:52  Baneling  
  96  10:53  Baneling x11  
  96  10:54  Roach  
  96  10:55  Roach x4  
  106  10:57  Baneling x6  
  106  10:59  Centrifical Hooks  
  106  11:09  Overlord x5  
Show
View Real Time Build Order
Export as new Build Order

DarthCheney Terran - Winner!

Build Orders: MMM Bio 

Get SALT Encoding   

  12  0:02  SCV  
  14  0:14  SCV  
  14  0:29  Refinery  
  14  0:32  SCV  
  15  0:38  Supply Depot  
  15  1:00  SCV  
  15  1:04  Barracks  
  16  1:12  SCV  
  16  1:15  Barracks  
  17  1:24  SCV  
  18  1:44  Supply Depot  
  18  1:50  SCV  
  18  1:53  Marine  
  20  2:04  Barracks Tech Lab  
  20  2:05  Orbital Command  
  20  2:10  Barracks  
  20  2:13  Barracks  
  20  2:17  Marine  
  21  2:26  Marine  
  22  2:32  SCV  
  22  2:35  Marine  
  24  2:44  Marine, SCV  
  26  2:53  Marine  
  27  3:02  Marine  
  27  3:03  Command Center  
  28  3:11  Stimpack  
  28  3:22  Marine  
  28  3:23  Marine  
  28  3:25  Supply Depot  
  30  3:33  Marine  
  31  3:46  Marine, SCV  
  33  3:53  Supply Depot  
  33  3:55  Engineering Bay, Marine x2  
  33  3:58  SCV  
  36  4:11  Refinery  
  36  4:36  SCV  
  36  4:37  Orbital Command  
  37  4:42  Command Center  
  37  4:54  Missile Turret  
  37  5:00  Missile Turret  
  37  5:05  Factory  
  37  5:15  Marauder, Concussive Shells  
  37  5:16  Orbital Command  
  37  5:17  SCV  
  40  5:36  SCV  
  40  5:38  Terran Infantry Weapons Level 1  
  40  5:40  Missile Turret  
  41  5:43  SCV  
  42  5:55  SCV  
  43  5:57  Orbital Command  
  43  6:07  SCV  
  43  6:08  Marauder, Marine x2  
  43  6:09  Marine  
  49  6:18  Refinery  
  49  6:20  SCV, Factory Tech Lab  
  49  6:21  Factory  
  49  6:22  SCV  
  51  6:26  Marine x3  
  51  6:28  Marine  
  55  6:41  Siege Tank, SCV  
  61  6:47  Marauder  
  61  6:57  Refinery  
  61  7:11  Barracks Tech Lab  
  61  7:21  SCV  
  62  7:24  Barracks Reactor  
  62  7:25  Marine  
  63  7:42  Factory Reactor  
  63  7:43  Orbital Command, Siege Tank  
  66  7:44  Barracks  
  66  7:58  Supply Depot  
  63  7:59  Supply Depot  
  63  8:05  Supply Depot  
  63  8:07  Supply Depot  
  63  8:08  Supply Depot  
  63  8:11  Missile Turret  
  63  8:15  Siege Tank  
  66  8:30  Marine  
  66  8:31  Marauder, Marine x2  
  71  8:37  Barracks Reactor  
  71  8:46  Widow Mine  
  61  8:48  Marine x2  
  61  8:49  Marine  
  61  8:51  Marine  
  64  9:06  Marine x3  
  64  9:08  SCV  
  64  9:09  Marine  
  69  9:12  Marine  
  69  9:15  Widow Mine  
  66  9:20  SCV  
  63  9:24  Marine x2  
  63  9:25  Marauder  
  63  9:26  SCV  
  63  9:29  Hellion x2  
  72  9:32  Infernal Pre-Igniter  
  72  9:33  SCV  
  72  9:37  Marine x3  
  76  9:38  SCV  
  76  9:42  Marine x2  
  76  9:43  Widow Mine  
  81  9:46  Marauder  
  81  9:48  Combat Shields  
  81  9:50  Hellion x2  
  87  9:55  Marine x3  
  90  10:00  Marine x2  
  92  10:07  Marine  
  92  10:13  Marine x3  
  96  10:14  Hellion  
  96  10:15  Hellion x2  
  96  10:17  Marine  
  96  10:18  Marine  
  104  10:23  SCV  
  104  10:25  Marine  
  104  10:28  SCV  
  107  10:30  Marine  
  107  10:31  Marine x2  
  107  10:35  Marine x2  
  110  10:36  Hellion  
  110  10:40  SCV  
  115  10:43  Marine  
  115  10:48  Marine  
  76  11:02  Marauder x2, Marine  
  76  11:03  Marine x2  
  72  11:04  Siege Tank  
  72  11:05  Barracks Tech Lab  
  72  11:06  Marine  
  72  11:20  Marine x2  
  72  11:24  Marauder x2  
  78  11:30  Hellion  
  78  11:31  Hellion  
  82  11:34  Marine  
  82  11:36  Siege Tank  
  82  11:38  Marine x2  
  88  11:40  SCV  
  88  11:44  Marine  
  88  11:45  Marauder  
  92  11:52  Marine, Hellion x2  
  97  11:56  Marine x2  
  99  12:01  Reaper x2  
  99  12:03  Marauder, Command Center  
  99  12:05  SCV  
  99  12:06  Marauder  
Show
View Real Time Build Order
Export as new Build Order

Grumm Zerg 

Build Orders: Pool First 

Get SALT Encoding   

  12  0:20  Spawning Pool  
  11  0:22  Drone  
  11  0:28  Drone  
  13  0:35  Drone  
  13  0:40  Overlord  
  14  1:10  Hatchery  
  13  1:11  Zergling x2  
  13  1:12  Zergling x2  
  15  1:22  Drone  
  16  1:29  Queen  
  18  1:42  Drone  
  18  1:43  Drone  
  20  1:54  Zergling x2  
  19  2:01  Spine Crawler  
  19  2:03  Zergling x2  
  19  2:30  Zergling x2  
  19  2:31  Zergling x6  
  19  2:35  Drone  
  24  2:50  Zergling x8  
  27  2:59  Spine Crawler  
  27  3:04  Queen  
  26  3:06  Queen  
  27  3:15  Drone  
  27  3:17  Overlord x2  
  26  3:27  Extractor  
  26  3:29  Extractor  
  22  3:39  Drone  
  22  3:40  Drone x6  
  29  3:54  Drone  
  30  3:58  Drone x2  
  30  4:02  Extractor  
  31  4:05  Evolution Chamber  
  31  4:09  Drone x2  
  31  4:19  Zergling x8  
  32  4:31  Zergling x2  
  32  4:32  Zergling x2  
  34  4:39  Zergling x2  
  35  4:48  Roach Warren  
  35  4:49  Zergling x4  
  36  4:54  Spine Crawler  
  34  5:16  Zerg Melee Weapons Level 1  
  34  5:18  Overlord  
  34  5:20  Lair  
  34  5:28  Spore Crawler  
  33  5:56  Spore Crawler  
  32  6:01  Roach  
  32  6:02  Roach x8  
  50  6:12  Metabolic Boost  
  50  6:17  Glial Reconstitution  
  49  6:51  Roach  
  49  6:53  Overlord x2  
  49  7:25  Roach x4  
  49  7:26  Roach x5  
  66  7:47  Overlord  
  66  7:48  Overlord  
  66  7:50  Roach x3  
  64  7:58  Overseer  
  50  8:01  Roach  
  50  8:02  Roach  
  54  8:23  Overseer  
  54  8:25  Drone x5  
  59  8:36  Zerg Ground Armor Level 1  
  59  8:43  Overseer  
  59  9:12  Roach x10  
  59  9:13  Roach x2  
  81  9:20  Hatchery  
  78  10:09  Zergling x10  
  78  10:10  Zergling x2  
  78  10:11  Overlord x3  
  78  10:12  Overlord x2  
  71  10:55  Zergling x4  
  71  10:56  Zergling x28  
  50  11:52  Zergling x2  
  50  11:53  Zergling x18  
Show
View Real Time Build Order
Export as new Build Order

Deerheadlite Protoss 

Build Orders: Dark Templar Rush 

Get SALT Encoding   

  12  0:03  Probe (Chrono Boost)  
  13  0:20  Pylon  
  13  0:24  Probe (Chrono Boost)  
  14  0:35  Probe (Chrono Boost)  
  15  0:44  Forge  
  15  1:06  Gateway  
  15  1:10  Assimilator  
  15  1:12  Probe (Chrono Boost)  
  15  1:16  Assimilator  
  16  1:23  Probe (Chrono Boost)  
  16  1:24  Photon Cannon  
  17  1:33  Probe (Chrono Boost)  
  18  1:44  Probe (Chrono Boost)  
  19  1:55  Probe (Chrono Boost)  
  19  1:57  Cybernetics Core  
  20  2:05  Probe (Chrono Boost)  
  21  2:13  Gateway  
  21  2:20  Pylon  
  21  2:25  Probe (Chrono Boost)  
  22  2:36  Twilight Council  
  22  2:38  Warp Gate (Chrono Boost)  
  22  2:40  Probe (Chrono Boost)  
  23  2:52  Probe  
  23  2:53  Gateway  
  24  3:04  Gateway  
  24  3:13  Dark Shrine  
  24  3:16  Probe  
  25  3:26  Gateway  
  25  3:28  Probe  
  26  3:40  Probe  
  27  3:45  Photon Cannon  
  27  3:52  Probe  
  28  4:16  Pylon  
  28  4:46  Stalker  
  28  4:47  Stalker  
  32  4:56  Dark Templar  
  32  4:59  Dark Templar x2  
  38  5:25  Pylon  
  38  5:43  Dark Templar  
  38  5:44  Dark Templar  
  41  6:17  Pylon  
  41  6:20  Pylon  
  41  6:24  Robotics Facility  
  36  6:57  Stalker  
  36  6:58  Stalker x3  
  36  6:59  Stalker  
  36  7:25  Robotics Facility  
  36  8:01  Stalker x2  
  36  8:02  Stalker x3  
  36  8:03  Nexus  
  46  8:13  Pylon  
  46  8:31  Robotics Bay  
  31  8:54  Stalker x2  
  31  8:55  Stalker x3  
  35  9:28  Colossus  
Show
View Real Time Build Order
Export as new Build Order

pana Protoss 

Build Orders:  

Get SALT Encoding   

  12  0:18  Probe (Chrono Boost)  
  13  0:28  Pylon  
  13  0:29  Probe (Chrono Boost)  
  13  0:32  Assimilator  
  14  0:43  Pylon  
  15  0:57  Probe (Chrono Boost)  
  15  1:01  Gateway  
  15  1:03  Gateway  
  15  1:08  Probe (Chrono Boost)  
  16  1:19  Probe (Chrono Boost)  
  17  1:29  Probe (Chrono Boost)  
  17  1:30  Pylon  
  18  1:43  Probe (Chrono Boost)  
  19  1:50  Cybernetics Core  
  19  1:53  Probe (Chrono Boost)  
  20  1:55  Zealot (Chrono Boost)  
  18  2:26  Zealot (Chrono Boost)  
  18  2:27  Zealot (Chrono Boost)  
  22  2:34  Mothership Core (Chrono Boost)  
  24  2:49  Gateway  
  24  2:52  Zealot (Chrono Boost)  
  24  2:54  Pylon  
  26  3:20  Warp Gate (Chrono Boost)  
  26  3:23  Probe  
  27  3:35  Probe  
  28  3:47  Probe  
  29  3:53  Nexus  
  29  3:57  Pylon  
  29  3:59  Probe  
  30  4:08  Pylon  
  30  4:11  Probe  
  23  5:10  Nexus  
  19  5:29  Zealot  
  19  5:30  Zealot x2  
  18  5:54  Probe (Chrono Boost)  
  19  5:59  Forge  
  19  6:01  Gateway  
  19  6:02  Gateway  
  19  6:04  Gateway  
  19  6:05  Probe (Chrono Boost)  
  19  6:06  Assimilator  
  20  6:15  Probe (Chrono Boost)  
  21  6:23  Pylon  
  21  6:26  Probe (Chrono Boost)  
  21  6:28  Probe (Chrono Boost)  
  23  6:36  Probe (Chrono Boost)  
  23  6:38  Probe (Chrono Boost)  
  19  6:54  Zealot x2  
  19  6:55  Zealot  
  18  9:33  Nexus  
  18  9:53  Zealot x3  
  18  9:54  Zealot x3  
  30  10:30  Zealot x3  
  30  10:31  Zealot x2  
  40  10:47  Cybernetics Core  
  18  11:57  Stalker x2  
  18  11:58  Stalker  
  18  11:59  Stalker x3  
Show
View Real Time Build Order
Export as new Build Order

NiteOptix Zerg 

Build Orders: Pool First 

Get SALT Encoding   

  12  0:03  Drone  
  13  0:10  Drone  
  14  0:18  Extractor  
  14  0:19  Drone, Extractor  
  13  0:22  Drone  
  13  0:27  Overlord  
  16  0:43  Spawning Pool  
  16  0:46  Drone  
  16  0:53  Drone  
  17  0:57  Extractor  
  17  0:59  Drone, Extractor  
  16  1:07  Drone  
  17  1:20  Drone  
  18  1:31  Drone  
  18  1:32  Queen  
  21  1:39  Drone  
  22  1:41  Metabolic Boost  
  22  1:52  Overlord  
  22  2:13  Zergling x4  
  24  2:27  Zergling x2  
  24  2:29  Lair  
  25  2:42  Hatchery, Zergling x2  
  25  2:43  Zergling x6  
  28  2:48  Drone  
  28  3:24  Drone  
  28  3:27  Overlord x2  
  29  3:39  Hydralisk Den  
  28  3:44  Drone  
  28  3:45  Drone x2  
  31  3:48  Pneumatized Carapace  
  25  4:47  Drone  
  25  4:48  Drone x4  
  25  4:50  Zergling x2  
  25  4:51  Zergling x4  
  33  5:05  Overseer  
  33  5:17  Baneling Nest  
  33  5:19  Zergling x2  
  33  5:20  Zergling x4  
  25  5:44  Zergling x2  
  25  5:45  Zergling x2  
  27  6:10  Drone  
  27  6:11  Drone x2  
  29  6:14  Baneling x3  
  29  6:15  Baneling x7  
  30  6:25  Centrifical Hooks  
  30  6:27  Drone  
  30  6:28  Drone x4  
  35  6:33  Hatchery, Extractor  
  35  6:38  Extractor  
  32  6:57  Zergling x4  
  32  6:58  Zergling x8  
  33  7:32  Baneling  
  33  7:33  Baneling x11  
  33  7:46  Drone  
  34  7:53  Hatchery, Queen  
  30  8:18  Zergling x2  
  30  8:19  Zergling x10  
  35  8:31  Lurker Den  
  35  8:33  Drone x2  
  37  8:35  Drone  
  37  8:39  Baneling  
  23  8:57  Zergling x6  
  5  10:25  Spine Crawler  
  5  10:27  Spine Crawler  
Tags
 
Add a new tag
Caveats
  • Supply blocks, unpowered buildings, or Contaminate may cause inaccurate times.
  • Supply counts are checked every 10 seconds.